 Dungeon Crawl Stone Soup version 0.32-a0-876-gcfddb08e57 (webtiles) character file.

Game seed: 6098868375109830290

2349 bmack86 the Cleaver (level 9, -9/70 HPs)
             Began as a Minotaur Fighter on Apr 1, 2024.
             Was a Believer of Trog.
             Shot with a sling bullet by Joseph (11 damage)
             ... on level 7 of the Dungeon.
             The game lasted 00:10:59 (5996 turns).

bmack86 the Cleaver (Minotaur Fighter)              Turns: 5996, Time: 00:10:59

Health: -9/70      AC: 15    Str: 26    XL:     9   Next: 20%
Magic:  8/8        EV:  7    Int:  5    God:    Trog [**....]
Gold:   360        SH:  9    Dex:  9    Spells: 8/8 levels left

rFire   . . .        a - +1 war axe
rCold   . . .        c - +0 buckler
rNeg    . . .        s - +0 chain mail
rPois   .            (helmet restricted)
rElec   .            r - +1 cloak
rCorr   .            (no gloves)
SInv    .            (no boots)
Will    .....        w - amulet of reflection Stlth
                     k - +4 ring of protection
HPRegen 0.31/turn    (no ring)
MPRegen 0.11/turn

%: reflection
@: no status effects
A: horns 2, retaliatory headbutt
a: Renounce Religion, Berserk, Trog's Hand


You were on level 7 of the Dungeon.
You worshipped Trog.
Trog was pleased with you.
You visited 1 branch of the dungeon, and saw 7 of its levels.

You collected 360 gold pieces.

Inventory:

Hand Weapons
 a - a +1 war axe (weapon)
Missiles
 i - a curare-tipped dart
 q - 8 boomerangs (quivered)
 y - a throwing net
Armour
 b - a +0 scale mail
 c - a +0 buckler (worn)
 r - a +1 cloak (worn)
 s - a +0 chain mail (worn)
 v - a +0 tower shield
Jewellery
 k - a +4 ring of protection (left hand)
 u - an amulet of magic regeneration
 w - an amulet of reflection (around neck)
Wands
 d - a wand of mindburst (1)
Scrolls
 h - a scroll of teleportation
 t - a scroll of poison
Potions
 e - 4 potions of attraction
 f - 3 potions of curing
 j - 2 potions of mutation
 l - a potion of might
 m - 2 potions of haste
 n - a potion of heal wounds {unknown}
 o - a potion of enlightenment {unknown}
 p - 2 potions of lignification {unknown}


   Skills:
 - Level 3.6 Fighting
 * Level 13.9 Axes
 - Level 3.6 Armour
 + Level 6.0 Shields


You had 8 spell levels left.
You didn't know any spells.
Your spell library was empty.

Dungeon Overview and Level Annotations

Branches:
Dungeon (7/15)             Temple (0/1) D:7

Altars:
Trog

Shops:
D:1 [

Annotations:
D:5 Grinder
D:7 Joseph


Innate Abilities, Weirdness & Mutations

You have a pair of horns on your head.
You reflexively headbutt those who attack you in melee.


Message History

* * * LOW HITPOINT WARNING * * *
You closely miss the gnoll bouda. You closely miss the gnoll.
You closely miss the gnoll bouda.
Your surroundings suddenly seem different.
Found a leather armour.
You see here a +0 leather armour.
Your attacks no longer feel as feeble.
Okay, then.
You start resting.
You hear the slow hiss of a very distant avalanche of sand.
You start resting.
You hear the slow hiss of a very distant avalanche of sand.
As you read the scroll of teleportation, it crumbles to dust.
You feel strangely unstable.
Your surroundings suddenly seem different.
As you read the scroll of teleportation, it crumbles to dust.
You feel strangely unstable.
Found 4 poisoned darts.
Your surroundings suddenly seem different.
You open the door.
Joseph, a Mercenary comes into view.
He is wielding a +0 quarterstaff.
Found a potion of curing.
Joseph shouts!
Joseph unwields a +0 quarterstaff.
Joseph wields a +0 sling.
Joseph shoots a sling bullet.
The sling bullet hits you!
There is an open door here.
You close the door.
Something unseen opens the door.
Joseph shoots a sling bullet.
The sling bullet hits you!
* * * LOW HITPOINT WARNING * * *
There is an open door, spattered with blood here.
You close the door.
Found a book of Flames.
Joseph opens the door.
Joseph shoots a sling bullet.
The sling bullet hits you!!
* * * LOW HITPOINT WARNING * * *
Joseph shoots a sling bullet.
You block the sling bullet with an invisible shield... and reflect it back!
The sling bullet hits Joseph!!
Joseph shoots a sling bullet.
The sling bullet hits you!
You die...

*,,##.....,,.***,*
*,,.......,,.* *,*
*,,,*.....,,.###,*
*,,,**#...**#:.#,*
*,,,* #...###..#,*
*,,,* #...+.#..#,*
****,,,* #..@#.#..#,*
,,,,,,,* #...#.#..#,*
****,*,* #...#.#@.#,*
,,,>,*,**#...#.#..#,*
**.,**,*,+...@.@..#,*
,..,,,,*,#...#.#.##,*
...,,,,,,#!..#....#,*
..#******#...######,*
...,,,,,.....,,,,,,,*
#******######*,******
* *,*


You could see Joseph.

Vanquished Creatures
  Pikel (D:5)
  A wyvern (D:4)
  Menkaure (D:5)
  A water moccasin (D:6)
  2 sky beasts
  An orc warrior (D:6)
  2 ogres
  2 lemures (D:5)
  A phantom (D:6)
  A kobold brigand (D:5)
  A scorpion (D:3)
  3 jellies
  4 hounds
  2 orc priests
  3 iguanas (D:5)
  Jessica (D:2)
  8 orc wizards
  6 gnolls
  11 adders
  A shadow imp (D:5)
  2 ribbon worms
  16 orcs
  13 ball pythons
  4 bats
  4 endoplasms
  3 giant cockroaches
  6 goblins
  2 hobgoblins
  8 quokkas
  5 frilled lizards
  25 kobolds
  5 rats
146 creatures vanquished.

Notes
Turn   | Place    | Note
-------+----------+-------------------------------------------
     0 | D:1      | bmack86 the Minotaur Fighter began the quest for the Orb.
     0 | D:1      | Reached XP level 1. HP: 19/19 MP: 0/0
    69 | D:1      | Found Seppoz's Armour Boutique.
   122 | D:1      | Reached XP level 2. HP: 20/26 MP: 1/1
   483 | D:2      | Reached skill level 3 in Axes
   598 | D:2      | Reached XP level 3. HP: 21/31 MP: 2/2
   606 | D:2      | Reached skill level 5 in Shields
   848 | D:2      | Reached skill level 4 in Axes
   867 | D:2      | Noticed Jessica
   869 | D:2      | Killed Jessica
   870 | D:2      | Reached XP level 4. HP: 39/39 MP: 3/3
  1760 | D:3      | Reached skill level 5 in Axes
  1760 | D:3      | Reached XP level 5. HP: 41/45 MP: 4/4
  1766 | D:3      | Found a bloodstained altar of Trog.
  1775 | D:3      | Became a worshipper of Trog the Wrathful
  2355 | D:3      | Reached skill level 6 in Axes
  2700 | D:4      | Reached XP level 6. HP: 49/51 MP: 5/5
  2736 | D:4      | Reached skill level 7 in Axes
  2846 | D:4      | Noticed a wyvern
  2855 | D:4      | Killed a wyvern
  2856 | D:4      | Reached skill level 8 in Axes
  2856 | D:4      | Reached XP level 7. HP: 37/57 MP: 6/6
  3173 | D:5      | Entered Level 5 of the Dungeon
  3179 | D:5      | Reached * piety under Trog
  3181 | D:5      | Reached skill level 9 in Axes
  3587 | D:5      | Noticed Menkaure
  3591 | D:5      | Reached skill level 10 in Axes
  3596 | D:5      | Killed Menkaure
  3601 | D:5      | Reached XP level 8. HP: 41/64 MP: 7/7
  3753 | D:5      | Reached skill level 11 in Axes
  3778 | D:5      | Reached ** piety under Trog
  3807 | D:5      | Noticed Pikel
  3829 | D:5      | Killed Pikel
  3830 | D:5      | Reached skill level 12 in Axes
  4098 | D:5      | Noticed Grinder
  4101 | D:5      | Paralysed by Grinder for 2 turns
  4704 | D:6      | Reached skill level 13 in Axes
  5213 | D:6      | Reached XP level 9. HP: 68/69 MP: 8/8
  5978 | D:7      | Noticed Joseph
  5994 | D:7      | HP: 2/70 [Joseph/sling bullet (19)]
  5996 | D:7      | Shot with a sling bullet by Joseph

Illustrated notes

Levels and vault maps discovered:
D:1:      dpeg_arrival_simpleton_a, layout_rooms, serial_shops,
          nicolae_shop_hallway_plus
D:2:      layout_basic, uniq_jessica
D:3:      layout_loops_ring, trog_butcher_becter, serial_bayou_pond_b,
          minmay_fountain_box, serial_bayou_ford_a
D:4:      layout_cave_pools
D:5:      kennysheep_kobold_camp, layout_loops_ring, serial_bayou,
          serial_bayou_pond_d, serial_bayou_pond_e, serial_bayou_lagoon_a,
          serial_bayou_shore_a, guppyfry_early_lair_pool, uniq_grinder,
          uniq_menkaure, uniq_pikel
D:6:      layout_loops_cross, lightli_minifort
D:7:      layout_basic, nicolae_overflow_two_pavilions,
          minmay_temple_entry_glassed_door, chequers_ossuary_entry_cave,
          uniq_joseph

Skill      XL: |  1  2  3  4  5  6  7  8  9 |
---------------+----------------------------+-----
Shields        | 4 5 6 |  6.0
Axes           | 3 4 5 6 8 10 13 | 13.9
Fighting       | |  3.6
Armour         | |  3.6

Action                     |  1- 3 |  4- 6 |  7- 9 || total
---------------------------+-------+-------+-------++-------
  Melee: War axe           |    64 |   127 |   239 ||   430
         Headbutt          |     4 |    11 |    23 ||    38
  Throw: Boomerang         |       |     2 |       ||     2
    Use: Scroll            |       |     5 |    14 ||    19
         Potion            |       |     1 |       ||     1
 Armour: Scale mail        |    56 |    73 |       ||   129
         Chain mail        |       |    16 |   179 ||   195
  Dodge: Dodged            |    29 |    49 |    52 ||   130
  Block: Buckler           |    23 |    31 |    87 ||   141
         Reflection        |       |       |    11 ||    11

Table legend: (Time is in decaauts)
 A = Elapsed time spent in this place.
 B = Non-inter-level travel time spent in this place.
 C = Inter-level travel time spent in this place.
 D = Time resting spent in this place.
 E = Time spent auto-exploring this place.
 F = Levels seen in this place.
 G = Mean time per level.
                   A        B        C        D        E       F      G
               +--------+--------+--------+--------+--------+-----+--------+
         Total |   6062 |   5882 |    180 |    311 |   4169 |   7 |  866.0 |
       Dungeon |   6062 |   5882 |    180 |    311 |   4169 |   7 |  866.0 |
               +--------+--------+--------+--------+--------+-----+--------+

Top non-repeatable levels by time:
     D:5: 1496 daAuts
     D:2: 1252 daAuts
     D:6: 1186 daAuts
     D:3: 911 daAuts
     D:4: 609 daAuts
     D:1: 465 daAuts
     D:7: 139 daAuts
